 Dungeon Crawl Stone Soup version 0.28.0-45-g0d030f2227 (webtiles) character file.

Game seed: 212596858843606152

67 Andrea the Magician (level 4, -4/24 HPs)
             Began as a Deep Elf Hedge Wizard on Apr 8, 2022.
             Slain by Terence
             ... wielding a +1 short sword of speed
              (7 damage)
             ... on level 2 of the Dungeon.
             The game lasted 00:03:18 (2511 turns).

Andrea the Magician (Deep Elf Hedge Wizard)         Turns: 2511, Time: 00:03:19

Health: -4/24      AC:  2    Str:  9    XL:     4   Next: 0%
Magic:  0/13       EV: 12    Int: 19    God:
Gold:   65         SH:  0    Dex: 14    Spells: 3/14 levels left

rFire   . . .      SeeInvis .   a - +0 dagger
rCold   . . .      Faith    .   (no shield)
rNeg    . . .      Spirit   .   b - +0 robe
rPois   .          Reflect  .   c - +0 hat
rElec   .          Harm     .   (no cloak)
rCorr   .          Rampage  .   (no gloves)
Will    .....                   (no boots)
Stlth   ++........              (no amulet)
HPRegen 0.08/turn               (no ring)
MPRegen 0.13/turn               (no ring)

@: no status effects
A: no striking features
a: no special abilities


You were on level 2 of the Dungeon.
You visited 1 branch of the dungeon, and saw 2 of its levels.

You collected 65 gold pieces.

Inventory:

Hand Weapons
 a - a +0 dagger (weapon)
Armour
 b - a +0 robe (worn)
 c - a +0 hat (worn)
Scrolls
 d - a scroll of enchant armour {unknown}
 e - 2 scrolls of magic mapping {unknown}
 f - a scroll of fear {unknown}
 g - a scroll of amnesia {unknown}
 h - a scroll of teleportation {unknown}
Potions
 i - a potion of brilliance


   Skills:
 - Level 2.5 Dodging
 - Level 2.8 Stealth
 + Level 5.6 Spellcasting
 * Level 2.3 Conjurations
 - Level 1.1 Summonings
 - Level 1.1 Translocations
 + Level 0.6 Air Magic
 + Level 0.9 Poison Magic


You had 3 spell levels left.
You knew the following spells:

 Your Spells              Type           Power      Damage    Failure   Level
a - Magic Dart            Conj           56%        1d5       4%          1
b - Call Imp              Summ           9%         N/A       11%         2
c - Mephitic Cloud        Conj/Pois/Air  10%        N/A       21%         3
d - Conjure Flame         Conj/Fire      9%         6-21      22%         3
e - Blink                 Tloc           18%        N/A       11%         2

Your spell library contained the following spells:

 Spells                   Type           Power      Damage    Failure   Level
 Slow                     Hex            20%        N/A       12%         1
 Chain Lightning          Conj/Air       5%         3d7       100%        9
 Fire Storm               Conj/Fire      4%         8d1       100%        9
 Shatter                  Erth           2%         3d6*      100%        9


Dungeon Overview and Level Annotations

Branches:
Dungeon (2/15)

Altars:

Shops:
D:2 !

Annotations:
D:2 Terence


Message History

Press: ? - help, Shift-Dir - straight line, f/p - Terence
Aim: Terence, wielding a +1 short sword of speed and wearing a +0 ring mail (severely wounded, 100% to hit)
The magic dart hits Terence but does no damage.
Terence is severely wounded.
Casting: Magic Dart (safe; 4% risk of failure)
Confirm with . or Enter, or press ? or * to list all spells.
Aiming: Magic Dart (safe; 4% risk of failure)
Press: ? - help, Shift-Dir - straight line, f/p - Terence
Aim: Terence, wielding a +1 short sword of speed and wearing a +0 ring mail (severely wounded, 100% to hit)
The magic dart hits Terence but does no damage.
Terence is severely wounded.
Your magical contamination has completely faded away.
Casting: Magic Dart (safe; 4% risk of failure)
Confirm with . or Enter, or press ? or * to list all spells.
Aiming: Magic Dart (safe; 4% risk of failure)
Press: ? - help, Shift-Dir - straight line, f/p - Terence
Aim: Terence, wielding a +1 short sword of speed and wearing a +0 ring mail (severely wounded, 100% to hit)
The magic dart hits Terence.
Terence is severely wounded.
Terence hits you with a +1 short sword of speed.
Terence closely misses you.
Casting: Magic Dart (safe; 4% risk of failure)
Confirm with . or Enter, or press ? or * to list all spells.
Aiming: Magic Dart (safe; 4% risk of failure)
Press: ? - help, Shift-Dir - straight line, f/p - Terence
Aim: Terence, wielding a +1 short sword of speed and wearing a +0 ring mail (severely wounded, 100% to hit)
The magic dart hits Terence but does no damage.
Terence is severely wounded.
Terence hits you with a +1 short sword of speed!
* * * LOW HITPOINT WARNING * * *
Casting: Magic Dart (safe; 4% risk of failure)
Confirm with . or Enter, or press ? or * to list all spells.
Aiming: Magic Dart (safe; 4% risk of failure)
Press: ? - help, Shift-Dir - straight line, f/p - Terence
Aim: Terence, wielding a +1 short sword of speed and wearing a +0 ring mail (severely wounded, 100% to hit)
The magic dart hits Terence.
Terence is almost dead.
Terence closely misses you.
Terence hits you with a +1 short sword of speed!
You die...

######
#....######################
#.##......................#
#.######################.##
#............#.........#.#
##############.#@######.##.#
........(@.....#@#....#.##.#
...#.####.##.#.#.#.#.##.##.#
.....# #....#.#.#.#.##.##.#
##..#####.####.#.#.#.##.##.#
.#...........#.#.#.#.##.##.#
.#..#####.##.#.#.#......##.#
.#...# #.##.#.#.###.#####.#
.#.#.## #.##.#.#...........#


You could see Terence.

Vanquished Creatures
  3 adders (D:2)
  2 dart slugs (D:1)
  A bat (D:1)
  7 endoplasms
  6 goblins
  A hobgoblin (D:1)
  3 quokkas (D:1)
  2 ball pythons
  4 frilled lizards
  2 kobolds (D:1)
  5 rats (D:1)
36 creatures vanquished.

Notes
Turn   | Place    | Note
-------+----------+-------------------------------------------
     0 | D:1      | Andrea the Deep Elf Hedge Wizard began the quest for the
                  | Orb.
     0 | D:1      | Reached XP level 1. HP: 10/10 MP: 7/7
     0 | D:1      | Noticed a tentacled monstrosity
     1 | D:1      | Noticed a large abomination
     3 | D:1      | Noticed a large abomination
     3 | D:1      | Noticed an ice dragon
     6 | D:1      | Noticed an iron dragon
     8 | D:1      | Noticed an iron dragon
    11 | D:1      | Noticed an iron dragon
    11 | D:1      | Noticed a tentacled monstrosity
    13 | D:1      | Noticed a large abomination
    15 | D:1      | Noticed a shadow dragon
    15 | D:1      | Noticed a large abomination
    17 | D:1      | Noticed an iron dragon
    17 | D:1      | Noticed an iron dragon
    19 | D:1      | Noticed a shadow dragon
    21 | D:1      | Noticed a tentacled monstrosity
   330 | D:1      | Reached skill level 5 in Spellcasting
   391 | D:1      | Reached XP level 2. HP: 15/15 MP: 6/10
   394 | D:1      | Learned a level 2 spell: Call Imp
  1084 | D:1      | You fall into a shaft and drop 1 floor!
  1096 | D:2      | Found Paikhlo's Distillery.
  1105 | D:2      | Reached XP level 3. HP: 19/19 MP: 8/11
  1109 | D:2      | Learned a level 3 spell: Mephitic Cloud
  1113 | D:2      | Learned a level 3 spell: Conjure Flame
  1116 | D:2      | Learned a level 2 spell: Blink
  1370 | D:2      | Noticed Terence
  1893 | D:2      | Found a faded altar of an unknown god.
  2150 | D:2      | Reached XP level 4. HP: 24/24 MP: 10/13
  2511 | D:2      | Slain by Terence

Illustrated notes

Levels and vault maps discovered:
D:1:      shiori_arrival_whats_in_store_for_you, layout_basic
D:2:      layout_basic, dreamdust_ecumenical_altar_hidden_monk_grotto,
          serial_shops, shop, uniq_terence

Skill      XL: |  1  2  3 |
---------------+----------+-----
Spellcasting   | 5 |  5.6
Conjurations   | 2 |  2.3
Dodging        | |  2.5
Stealth        | |  2.8
Summonings     | |  1.1
Translocations | |  1.1
Air Magic      | |  0.6
Poison Magic   | |  0.9

Action                   |  1- 3 |  4- 6 || total
-------------------------+-------+-------++-------
Melee: Dagger            |       |     2 ||     2
 Cast: Magic Dart        |    93 |    20 ||   113
       Mephitic Cloud    |       |     1 ||     1
  Use: Potion            |     2 |       ||     2
 Stab: Confused          |       |     1 ||     1
Armor: Robe              |     1 |       ||     1
Dodge: Dodged            |     4 |     5 ||     9
